 Dungeon Crawl Stone Soup version 0.31-a0-175-g9f7f995f2b (webtiles) character file.

Game seed: 9696429152394765805

715 qw the Shooter (level 7, -2/64 HPs)
             Began as a Naga Hunter on June 17, 2023.
             Was a Follower of Okawaru.
             Succumbed to a gnoll sergeant's poison
             ... on level 5 of the Dungeon.
             The game lasted 00:01:10 (2669 turns).

qw the Shooter (Naga Hunter)                        Turns: 2669, Time: 00:01:11

Health: -2/64      AC: 19    Str: 13    XL:     7   Next: 69%
Magic:  5/7        EV: 12    Int:  9    God:    Okawaru [*.....]
Gold:   290        SH:  0    Dex: 20    Spells: 6/6 levels left

rFire   . . .        Y - +4 longbow (freeze)
rCold   . . .        (shield currently unavailable)
rNeg    + + .        m - +0 robe of Hairiness {Dex+3}
rPois   +            k - +0 helmet
rElec   .            g - +2 cloak
rCorr   .            f - +0 pair of gloves
SInv    +            a - +5 barding "Qonacyass" {rN++}
Will    .....        o - amulet of faith
Stlth   ++++         (no ring)
HPRegen 0.30/turn    (no ring)
MPRegen 0.10/turn

%: faith
@: lethally poisoned (-2 -> -14), short of breath, heroic, very slow
A: AC +2, large, see invisible, deformed body, poison resistance, slowness 2,
spit poison 1, naga tail 1
a: Spit Poison, Renounce Religion, Heroism


You were on level 5 of the Dungeon.
You worshipped Okawaru.
Okawaru was aware of your devotion.
You visited 2 branches of the dungeon, and saw 6 of its levels.

You collected 290 gold pieces.


Innate Abilities, Weirdness & Mutations

Your serpentine skin is tough. (AC +2)
You have supernaturally acute eyesight. (SInv)
Armour fits poorly on your strangely shaped body.
Your system is resistant to poisons. (rPois)
You cover ground very slowly.
You can spit poison.
You have a snake-like lower body.


   Skills:
 - Level 4.0(9.0) Fighting
 + Level 7.2(12.2) Ranged Weapons
 - Level 1.5(6.5) Armour
 - Level 2.2(7.2) Dodging
 - Level 1.5(6.5) Stealth


You had 6 spell levels left.
You didn't know any spells.
Your spell library was empty.

Inventory:

Hand Weapons
 Y - a +4 longbow of freezing (weapon)
Armour
 a - the +5 barding "Qonacyass" (worn) {rN++}
   (You acquired it on level 2 of the Dungeon)

   rN:        It greatly protects you from negative energy.
 f - a +0 pair of gloves (worn)
 g - a +2 cloak (worn)
 k - a +0 helmet (worn)
 m - the +0 robe of Hairiness (worn) {Dex+3}
   (You found it on level 2 of the Dungeon)

   Dex:       It affects your dexterity (+3).
Jewellery
 e - a ring of ice
 o - an amulet of faith (around neck)
Wands
 h - a wand of digging (4)
Scrolls
 b - a scroll of identify
Potions
 c - a potion of lignification {unknown}
 d - 2 potions of curing
 i - 2 potions of mutation
 j - a potion of brilliance {unknown}

Dungeon Overview and Level Annotations

Branches:
Dungeon (5/15)             Temple (1/1) D:4

Altars:
Cheibriados
Dithmenos
Elyvilon
Gozag
Hepliaklqana
Kikubaaqudgha
Makhleb
Nemelex Xobeh
Okawaru
Ru
Sif Muna
Trog
Uskayaw
Wu Jian
Xom
Yredelemnul
Zin
The Shining One

Annotations:
D:5 qw's ghost, novice NaHu


Message History

The phantom hits you but does no damage. x2
You shoot an arrow. The arrow barely misses the phantom.
You feel sick.
The phantom hits you but does no damage.
You shoot an arrow. The arrow hits the phantom!!
The arrow freezes the phantom.
The phantom is almost destroyed.
You feel sick. The phantom closely misses you.
The gnoll sergeant closely misses you.
You shoot an arrow. The arrow hits the phantom!
You destroy the phantom!
Okawaru accepts your kill.
You can now gain great but temporary skills.
You have got your breath back.
You feel sick.
You are no longer poisoned.
The gnoll hits you from afar with a +0 spear.
The gnoll sergeant hits you but does no damage.
You are poisoned.
The gnoll hits you but does no damage.
The gnoll sergeant hits you but does no damage.
You are lethally poisoned!
Your Ranged Weapons skill increases to level 7!
2667 ||| INVOKING Heroism.
You gain the combat prowess of a mighty hero.
You can no longer gain great but temporary skills.
You feel very sick. The gnoll barely misses you.
The gnoll sergeant hits you but does no damage.
2668 ||| INVOKING Spit Poison.
Aiming: Spit Poison (1% risk of failure)
Press: ? - help, Shift-Dir - straight line, f - gnoll sergeant The gnoll sergeant blocks the splash of poison.
You feel very sick. The gnoll hits you but does no damage.
The gnoll sergeant misses you.
You shoot an arrow. The arrow hits the gnoll sergeant!
The arrow freezes the gnoll sergeant.
You kill the gnoll sergeant!
Okawaru accepts your kill.
You can now gain great but temporary skills.
You die...

#######............#####
.......%...###.....#
########...###.#####
#..<.#..###### ##
#.#..........###.
#.#.########.#...
#.#.#######......
##...)##.....##.##
#@.)....>.......##
.........g..............
..........#...........##
....#.....#...........#
... #...(##.....[.....#
.. .......).....[.....#
. .......).[..)).....#
..##.####.#..<).....## .
#. ###...).........


You could see a gnoll.

Vanquished Creatures
  A water moccasin (D:5)
  An ice beast (D:5)
  A phantom (D:5)
  A gnoll sergeant (D:5)
  5 hounds
  An orc priest (D:4)
  2 orc wizards
  3 iguanas
  An adder (D:5)
  2 gnolls (D:5)
  A shadow imp (D:5)
  2 white imps (D:5)
  A worm (D:2)
  2 dart slugs (D:1)
  17 orcs
  4 ball pythons
  2 bats (D:2)
  4 endoplasms
  5 giant cockroaches
  4 hobgoblins
  6 jackals
  4 kobolds
  3 quokkas
  2 frilled lizards (D:3)
  3 goblins
  3 rats
81 creatures vanquished.

Notes
Turn   | Place    | Note
-------+----------+-------------------------------------------
     0 | D:1      | qw the Naga Hunter began the quest for the Orb.
     0 | D:1      | Reached XP level 1. HP: 19/19 MP: 1/1
     0 | D:1      | 0 ||| qw: Version: 0.3-a-2-g5ab2908
     0 | D:1      | 0 ||| qw: Game counter: 383
     0 | D:1      | 0 ||| qw: Always use a shield: true
     0 | D:1      | 0 ||| qw: God list: Okawaru
     0 | D:1      | 0 ||| qw: Allow faded altars: false
     0 | D:1      | 0 ||| qw: Do Orc after D:15 true
     0 | D:1      | 0 ||| qw: Do second Lair branch before Depths: true
     0 | D:1      | 0 ||| qw: Lair rune preference: random
     0 | D:1      | 0 ||| qw: Plans: Normal
     0 | D:1      | 0 ||| PLANNING D:1-11
    64 | D:1      | 64 ||| INVOKING Spit Poison.
    74 | D:1      | 74 ||| INVOKING Spit Poison.
    79 | D:1      | 79 ||| INVOKING Spit Poison.
    82 | D:1      | Reached skill level 4 in Ranged Weapons
    82 | D:1      | Reached XP level 2. HP: 23/26 MP: 2/2
   100 | D:1      | 100 ||| INVOKING Spit Poison.
   103 | D:1      | 103 ||| INVOKING Spit Poison.
   106 | D:1      | 106 ||| INVOKING Spit Poison.
   107 | D:1      | 107 ||| INVOKING Spit Poison.
   161 | D:1      | 161 ||| INVOKING Spit Poison.
   270 | D:1      | 270 ||| INVOKING Spit Poison.
   365 | D:1      | 365 ||| FLEEEEING.
   366 | D:1      | 366 ||| FLEEEEING.
   367 | D:1      | 367 ||| FLEEEEING.
   368 | D:1      | 368 ||| FLEEEEING.
   369 | D:1      | 369 ||| FLEEEEING.
   371 | D:1      | 371 ||| INVOKING Spit Poison.
   437 | D:1      | 437 ||| UPGRADING to +0 pair of gloves.
   442 | D:1      | 442 ||| UPGRADING to +2 cloak.
   447 | D:1      | 447 ||| UPGRADING to +0 helmet.
   452 | D:1      | 452 ||| UPGRADING to amulet of guardian spirit.
   457 | D:1      | 457 ||| READING scroll labelled YGHOHA JEIRO.
   458 | D:1      | 458 ||| READING scroll labelled LIUSER HIEPH.
   459 | D:1      | 459 ||| READING scroll labelled ZIYDO ARESAXT.
   460 | D:1      | 460 ||| DROPPING scroll of butterflies.
   529 | D:2      | 529 ||| INVOKING Spit Poison.
   541 | D:2      | 541 ||| INVOKING Spit Poison.
   544 | D:2      | Reached XP level 3. HP: 32/32 MP: 3/3
   546 | D:2      | 546 ||| INVOKING Spit Poison.
   590 | D:2      | 590 ||| INVOKING Spit Poison.
   608 | D:2      | 608 ||| INVOKING Spit Poison.
   651 | D:2      | 651 ||| INVOKING Spit Poison.
   656 | D:2      | 656 ||| INVOKING Spit Poison.
   733 | D:2      | 733 ||| INVOKING Spit Poison.
   755 | D:2      | Identified the +0 robe of Hairiness {Dex+3}
   785 | D:2      | 785 ||| INVOKING Spit Poison.
   795 | D:2      | 795 ||| INVOKING Spit Poison.
   913 | D:2      | 913 ||| INVOKING Spit Poison.
   994 | D:2      | 994 ||| UPGRADING to +0 barding.
   999 | D:2      | 999 ||| UPGRADING to +0 robe of Hairiness {Dex+3}.
  1009 | D:2      | 1009 ||| DROPPING +0 leather armour.
  1010 | D:2      | 1010 ||| READING scroll labelled ECIYZO QAOGOSU.
  1010 | D:2      | Identified a scroll of acquirement
  1010 | D:2      | 1010 ||| ACQUIRING +5 barding "Qonacyass" {rN++}
  1010 | D:2      | Acquired the +5 barding "Qonacyass" {rN++}
  1012 | D:2      | 1012 ||| UPGRADING to +5 barding "Qonacyass" {rN++}.
  1022 | D:2      | 1022 ||| DROPPING +0 barding.
  1023 | D:2      | 1023 ||| READING scroll labelled QEMOEB REULEGA.
  1024 | D:2      | 1024 ||| READING scroll labelled RYUGIL CITY.
  1125 | D:2      | 1125 ||| DRINKING 2 fizzy amethyst potions.
  1184 | D:3      | 1184 ||| INVOKING Spit Poison.
  1189 | D:3      | 1189 ||| INVOKING Spit Poison.
  1196 | D:3      | 1196 ||| INVOKING Spit Poison.
  1200 | D:3      | 1200 ||| INVOKING Spit Poison.
  1203 | D:3      | 1203 ||| INVOKING Spit Poison.
  1207 | D:3      | Reached skill level 1 in Armour
  1207 | D:3      | Reached XP level 4. HP: 28/39 MP: 2/4
  1273 | D:3      | 1273 ||| INVOKING Spit Poison.
  1322 | D:3      | 1322 ||| INVOKING Spit Poison.
  1334 | D:3      | 1334 ||| INVOKING Spit Poison.
  1386 | D:3      | 1386 ||| INVOKING Spit Poison.
  1483 | D:3      | 1483 ||| READING scroll of acquirement.
  1483 | D:3      | 1483 ||| ACQUIRING +1 longbow of flaming
  1483 | D:3      | Acquired a +1 longbow of flaming
  1485 | D:3      | 1485 ||| SWAPPING to +1 longbow of flaming.
  1486 | D:3      | 1486 ||| DROPPING +0 shortbow.
  1501 | D:3      | 1501 ||| INVOKING Spit Poison.
  1708 | D:3      | 1708 ||| INVOKING Spit Poison.
  1753 | D:3      | 1753 ||| INVOKING Spit Poison.
  1762 | D:3      | 1762 ||| READING 3 scrolls labelled CYD WOPROWEYSCH.
  1763 | D:3      | 1763 ||| READING 2 scrolls of enchant weapon.
  1763 | D:3      | 1763 ||| ENCHANTING +2 longbow of flaming.
  1764 | D:3      | 1764 ||| READING scroll of enchant weapon.
  1764 | D:3      | 1764 ||| ENCHANTING +3 longbow of flaming.
  1765 | D:3      | 1765 ||| READING scroll labelled LOGRUT KUSA.
  1766 | D:3      | 1766 ||| READING scroll labelled FIKILA LAL DEO.
  1767 | D:3      | 1767 ||| READING 2 scrolls of identify.
  1767 | D:3      | 1767 ||| IDENTIFYING sedimented silvery potion
  1811 | D:4      | 1811 ||| INVOKING Spit Poison.
  1814 | D:4      | Reached skill level 5 in Ranged Weapons
  1825 | D:4      | 1825 ||| INVOKING Spit Poison.
  1830 | D:4      | 1830 ||| INVOKING Spit Poison.
  1832 | D:4      | Reached XP level 5. HP: 46/46 MP: 5/5
  1904 | D:4      | Reached skill level 3 in Fighting
  1914 | D:4      | Found a staircase to the Ecumenical Temple.
  1915 | D:4      | 1915 ||| PLANNING TEMPLE
  2040 | D:4      | 2040 ||| INVOKING Spit Poison.
  2043 | D:4      | 2043 ||| INVOKING Spit Poison.
  2049 | D:4      | 2049 ||| DRINKING 2 potions of curing.
  2049 | D:4      | 2049 ||| (to cure confusion)
  2050 | D:4      | 2050 ||| Stepping ~*~*~tactically~*~*~ (outnumbered).
  2051 | D:4      | 2051 ||| INVOKING Spit Poison.
  2055 | D:4      | 2055 ||| INVOKING Spit Poison.
  2059 | D:4      | 2059 ||| INVOKING Spit Poison.
  2061 | D:4      | Reached XP level 6. HP: 56/56 MP: 6/6
  2136 | D:4      | 2136 ||| UPGRADING to amulet of faith.
  2146 | D:4      | 2146 ||| DROPPING amulet of guardian spirit.
  2147 | D:4      | 2147 ||| READING scroll labelled FIPNYI HUNASKICSOI.
  2150 | D:4      | 2150 ||| READING scroll labelled VEKKILU ZEWK.
  2220 | D:4      | 2220 ||| READING scroll labelled JYSOQ MANK.
  2242 | D:5      | Entered Level 5 of the Dungeon
  2242 | D:5      | Noticed a water moccasin
  2243 | D:5      | 2243 ||| INVOKING Spit Poison.
  2247 | D:5      | 2247 ||| INVOKING Spit Poison.
  2251 | D:5      | Killed a water moccasin
  2252 | D:5      | 2252 ||| INVOKING Spit Poison.
  2257 | D:5      | Reached skill level 6 in Ranged Weapons
  2262 | D:5      | 2262 ||| INVOKING Spit Poison.
  2300 | D:5      | Noticed qw's ghost (novice NaHu)
  2309 | D:5      | 2309 ||| INVOKING Spit Poison.
  2340 | D:5      | 2340 ||| STAIRDANCE
  2342 | D:4      | 2342 ||| INVOKING Spit Poison.
  2350 | Temple   | Entered the Ecumenical Temple
  2379 | Temple   | 2379 ||| PLANNING OKAWARU WORSHIP
  2478 | Temple   | Became a worshipper of Warmaster Okawaru
  2479 | Temple   | 2479 ||| PLANNING D:1-11
  2534 | D:5      | 2534 ||| INVOKING Spit Poison.
  2536 | D:5      | Reached XP level 7. HP: 64/64 MP: 7/7
  2615 | D:5      | 2615 ||| INVOKING Spit Poison.
  2652 | D:5      | 2652 ||| INVOKING Spit Poison.
  2656 | D:5      | 2656 ||| INVOKING Spit Poison.
  2661 | D:5      | 2661 ||| INVOKING Spit Poison.
  2663 | D:5      | HP: 16/64 [poisoned by a gnoll sergeant]
  2666 | D:5      | Reached * piety under Okawaru
  2667 | D:5      | Reached skill level 7 in Ranged Weapons
  2667 | D:5      | 2667 ||| INVOKING Heroism.
  2667 | D:5      | HP: 5/64 [poisoned by a gnoll sergeant]
  2668 | D:5      | 2668 ||| INVOKING Spit Poison.
  2668 | D:5      | HP: 1/64 [poisoned by a gnoll sergeant]
  2669 | D:5      | Succumbed to a gnoll sergeant's poison

Levels and vault maps discovered:
D:1:      saegor_arrival_simple_d, layout_rooms
D:2:      layout_basic, minmay_misc_feat_tower
D:3:      layout_loops_cross
D:4:      layout_rooms, minmay_temple_entry_from_below_b
D:5:      layout_rooms, gammafunk_ghost_arena, uniq_crazy_yiuf_cottage
Temple:   nicolae_temple_two_arcs

Skill      XL: |  1  2  3  4  5  6  7 |
---------------+----------------------+-----
Ranged Weapons | 4 5 6 7 |  7.2
Armour         | 1 |  1.5
Fighting       | 3 4 |  4.0
Dodging        | 2 |  2.2
Stealth        | |  1.5

Action                     |  1- 3 |  4- 6 |  7- 9 || total
---------------------------+-------+-------+-------++-------
   Fire: Shortbow          |    77 |       |       ||    77
         Longbow           |       |    46 |    31 ||    77
 Invoke: Heroism           |       |       |     1 ||     1
Ability: Spit Poison       |    25 |    22 |     5 ||    52
    Use: Scroll            |     6 |    10 |       ||    16
         Potion            |     1 |     1 |       ||     2
 Armour: Leather armour    |    10 |       |       ||    10
         Robe              |     6 |    15 |    17 ||    38
  Dodge: Dodged            |    18 |     8 |    11 ||    37

Table legend:
 A = Non-vault XP
 B = Vault XP
 C = Vault XP percentage of total XP
 D = Non-vault monster count
 E = Vault monster count
 F = Vault count percentage of total count
                 A         B        C        D         E       F
            +---------+---------+-------+---------+---------+-------
      Total |    1109 |       0 |   0.0 |      81 |       0 |   0.0
            +---------+---------+-------+---------+---------+-------
        D:1 |      28 |       0 |   0.0 |      13 |       0 |   0.0
        D:2 |      32 |       0 |   0.0 |      16 |       0 |   0.0
        D:3 |      57 |       0 |   0.0 |      12 |       0 |   0.0
        D:4 |     216 |       0 |   0.0 |      14 |       0 |   0.0
        D:5 |     776 |       0 |   0.0 |      26 |       0 |   0.0
            +---------+---------+-------+---------+---------+-------
